 Dungeon Crawl Stone Soup version 0.16-a0-922-gae79c9c (webtiles) character file.

1108 Ololoev the Conjurer (level 8, 0/41 HPs)
             Began as a Tengu Conjurer on Sept 30, 2014.
             Slain by a scorpion zombie (6 damage)
             ... in an ossuary.
             The game lasted 00:26:00 (7023 turns).

Ololoev the Conjurer (Tengu Conjurer)               Turns: 7023, Time: 00:26:00

HP   0/41        AC  3     Str  8      XL: 8   Next: 33%
MP   1/19        EV 13     Int 17      God:
Gold 237         SH  0     Dex 16      Spells:  4 memorised,  2 levels left

rFire  . . .     SeeInvis .     i - +2 short sword (venom)
rCold  + . .     Clarity  .     a - +0 robe
rNeg   . . .     rCorr    .     (no shield)
rPois  .         rRot     .     (helmet restricted)
rElec  .         Spirit   .     (no cloak)
SustAb .         Warding  .     t - +0 pair of gloves (curse)
rMut   .         Stasis   .     (boots unavailable)
Gourm  .                        (no amulet)
MR     +....                    g - ring of protection from cold
                                e - ring of protection from magic

@: somewhat resistant to hostile enchantments, unstealthy
A: able to fly, beak, talons 3
a: Fly


You were in an ossuary.
You were not hungry.

You visited 1 branch of the dungeon, and saw 6 of its levels.
You also visited: Ossuary.

You collected 237 gold pieces.

Inventory:

Hand weapons
 i - a +2 short sword of venom (weapon)
Armour
 a - a +0 robe (worn)
 q - the cursed +1 pair of gloves of the Evening {Dex-4, unknown}
   (You found it on level 5 of the Dungeon)

   It affects your dexterity (-4).
   It has a curse placed upon it.
 t - a cursed +0 pair of gloves (worn)
Magical devices
 w - a wand of draining (4)
Comestibles
 b - 4 bread rations
 f - 2 meat rations
Scrolls
 d - 6 scrolls of identify {unknown}
 j - a scroll of immolation {unknown}
 k - 3 scrolls of enchant armour {unknown}
 l - 3 scrolls of remove curse {unknown}
 m - 4 scrolls of amnesia {unknown}
 n - a scroll of fog {unknown}
 x - a scroll of recharging {unknown}
 y - a scroll of noise {unknown}
Jewellery
 e - a ring of protection from magic (left hand)
 g - a ring of protection from cold (right hand)
 u - a +2 ring of strength {unknown}
Potions
 h - 2 potions of might {unknown}
 o - 2 potions of brilliance {unknown}
 p - 2 potions of curing {unknown}
 r - a potion of agility {unknown}
 s - a potion of heal wounds {unknown}
 v - a potion of berserk rage {unknown}
 z - a potion of mutation {unknown}
 A - a potion of restore abilities {unknown}
Books
 c - a book of Conjurations

   Spells                             Type                      Level
   *Magic Dart                        Conjuration                  1
   *Searing Ray                       Conjuration                  2
   Dazzling Spray                     Conjuration/Hexes            3
   Fulminant Prism                    Conjuration/Hexes            4
   *Iskenderun's Mystic Blast         Conjuration                  4
   *Iskenderun's Battlesphere         Conjuration/Charms           5


   Skills:
 - Level 2.1 Dodging
 - Level 2.0 Stealth
 + Level 3.8 Spellcasting
 * Level 9.7 Conjurations
 - Level 5.0 Charms


You had 2 spell levels left.
You knew the following spells:

 Your Spells              Type           Power        Failure   Level  Hunger
a - Magic Dart            Conj           ####         1%          1    None
b - Searing Ray           Conj           #####.       1%          2    ##.....
c - Iskenderun's Battles  Conj/Chrm      ####....     24%         5    #####..
d - Iskenderun's Mystic   Conj           #####...     3%          4    ####...


Dungeon Overview and Level Annotations

Branches:
Dungeon (6/15)
 Temple: D:4-7

Altars:
Cheibriados
Elyvilon
Makhleb
Okawaru
Yredelemnul

Annotations:
D:3 Pimmortal's ghost, average GrMo


Innate Abilities, Weirdness & Mutations

You can fly.
You have a beak for a mouth.
You have claws for feet.


Message History

Aim: a scorpion zombie The orb of energy hits the scorpion zombie.
The scorpion zombie misses you.
Casting: Iskenderun's Mystic Blast
Confirm with . or Enter, or press ? or * to list all spells.
Aiming: Iskenderun's Mystic Blast
Press: ? - help, Shift-Dir - straight line, f/p - scorpion zombie
Aim: a scorpion zombie The orb of energy hits the scorpion zombie.
You destroy the scorpion zombie!
The orb of energy explodes!
The mystic blast hits the scorpion zombie.
Casting: Iskenderun's Mystic Blast
Confirm with . or Enter, or press ? or * to list all spells.
Aiming: Iskenderun's Mystic Blast
Press: ? - help, Shift-Dir - straight line, f - scorpion zombie
Aim: a scorpion zombie The orb of energy hits the scorpion zombie.
The scorpion zombie hits you.
You die...

8. #.Z.###8.Z...8###
... #...#...........#
.Z8###Z##......Z....#
....#...#.....8.....#
8...'^..#.....#.....#
#...#...#.....#.....#
##########'#######'##
#...#...#..^#...#Z..#
#...8...'...#...@...#
#.......#...#...#...#
##8...8##############
#.......#...#...#...#
#...8...#...8...'.∩.#
#...#...#.......#...#
######'###8...8###'##
#?.M#^..#.......#...#
'...#...'...8...#.∩.#


You could see a scorpion zombie.

Vanquished Creatures
  4 scorpions
  A jelly (D:5)
  2 centaur zombies (Ossuary)
  A goliath beetle (D:5)
  A crimson imp (D:5)
  A giant frog zombie (D:5)
  4 orc wizards (D:6)
  A hound (D:5)
  5 worker ants
  3 iguanas
  An orc priest (D:6)
  3 big kobold zombies (Ossuary)
  A hound skeleton (D:4)
  A mummy (Ossuary)
  6 scorpion zombies (Ossuary)
  7 adders
  2 giant mites
  3 worms
  An iguana zombie (D:5)
  6 giant geckos
  2 oozes
  7 orcs (D:6)
  3 ball pythons
  5 bats
  10 hobgoblins
  3 jackals (D:1)
  14 kobolds
  3 giant newts
  13 goblins
  3 hobgoblin zombies
  An orc zombie (Ossuary)
  2 quokkas
  11 rats
131 creatures vanquished.

Vanquished Creatures (others)
  A mummy (Ossuary)
1 creature vanquished.

Grand Total: 132 creatures vanquished

Notes
Turn   | Place    | Note
--------------------------------------------------------------
     0 | D:1      | Ololoev, the Tengu Conjurer, began the quest for the Orb.
     0 | D:1      | Reached XP level 1. HP: 10/10 MP: 3/3
   359 | D:1      | Reached XP level 2. HP: 15/15 MP: 3/5
   786 | D:1      | Reached skill level 6 in Conjurations
   846 | D:1      | Learned a level 2 spell: Searing Ray
   907 | D:1      | Reached XP level 3. HP: 19/19 MP: 7/7
  1050 | D:2      | Found an iron altar of Okawaru.
  1443 | D:2      | Reached XP level 4. HP: 24/24 MP: 5/9
  2024 | D:3      | Noticed Pimmortal's ghost (average GrMo)
  2027 | D:3      | Found a burning altar of Makhleb.
  2180 | D:3      | Reached skill level 7 in Conjurations
  2703 | D:4      | Reached XP level 5. HP: 28/28 MP: 10/13
  2710 | D:4      | Learned a level 5 spell: Iskenderun's Battlesphere
  3024 | D:4      | Reached skill level 1 in Charms
  3607 | D:5      | Entered Level 5 of the Dungeon
  3621 | D:5      | Reached XP level 6. HP: 32/32 MP: 8/15
  4307 | D:5      | Found a basalt altar of Yredelemnul.
  4433 | D:5      | Found a white marble altar of Elyvilon.
  4471 | D:5      | Got a pair of jewelled gloves
  4654 | D:5      | Reached skill level 8 in Conjurations
  4654 | D:5      | Reached XP level 7. HP: 36/36 MP: 11/16
  4660 | D:5      | Learned a level 4 spell: Iskenderun's Mystic Blast
  5594 | D:5      | Found a snail-covered altar of Cheibriados.
  6075 | D:6      | Found a sand-covered staircase.
  6115 | Ossuary  | Entered an ossuary
  6429 | Ossuary  | Reached skill level 5 in Charms
  6429 | Ossuary  | Reached XP level 8. HP: 41/41 MP: 10/18
  6510 | Ossuary  | Reached skill level 9 in Conjurations
  7023 | Ossuary  | Slain by a scorpion zombie

Action                   |  1- 3 |  4- 6 |  7- 9 || total
-------------------------+-------+-------+-------++-------
Melee: Short sword       |     7 |    19 |    33 ||    59
 Cast: Magic Dart        |    41 |    75 |    18 ||   134
       Searing Ray       |     5 |    19 |    36 ||    60
       Iskenderun's Myst |       |       |     3 ||     3
 Abil: Fly               |       |     1 |     1 ||     2
Evoke: Wand              |       |       |     1 ||     1
 Stab: Sleeping          |       |     1 |     2 ||     3
  Eat: Chunk             |     1 |    10 |     3 ||    14
       Beef jerky        |       |     1 |       ||     1
       Fruit             |       |       |     5 ||     5
       Meat ration       |       |       |     1 ||     1
